TOP OF THE 1ST |
Princeton Rays batting - Pitching for Greeneville Astros : LHP Ruben Rojas
|
Pitching: LHP Ruben Rojas
|
|
Batting: SHB Chris Lockart
|
0-0: SINGLE (Groundball, 56S, EV 65.6 MPH) (infield hit)
|
Batting: RHB Dan Marks
|
0-0: Ball 1-0: Foul Ball, location: 2F 1-1: Ball 2-1: Called Strike Chris Lockart is caught stealing 2nd base 2-4 2-2: Strikes out swinging, 2-3 out at first.
|
Batting: LHB Rocky Crowley
|
0-0: Swinging Strike 0-1: Called Strike 0-2: Strikes out looking
|
Top of the 1st over - 0 runs, 1 hit, 0 errors, 0 left on base; Princeton 0 - Greeneville 0 |
BOTTOM OF THE 1ST |
Greeneville Astros batting - Pitching for Princeton Rays : RHP Ruben Requena
|
Pitching: RHP Ruben Requena
|
|
Batting: LHB Lou Toth
|
0-0: Ball 1-0: Foul Ball, location: 2F 1-1: Called Strike 1-2: Foul Ball, location: 2F 1-2: SINGLE (Groundball, 34D, EV 105.6 MPH)
|
Batting: RHB Sean Mounts
|
0-0: Ball 1-0: Ball 2-0: DOUBLE (Flyball, 8RXD, EV 99.4 MPH) Lou Toth to third
|
Batting: LHB Josh Birkner
|
0-0: Swinging Strike 0-1: Ball 1-1: Fly out, F8 (Flyball, 8LD, EV 101.9 MPH) Runner from 3rd tags up, SCORES, no throw by CF
|
Batting: SHB Danny Jensen
|
0-0: Fly out, F9 (Flyball, 89D, EV 91.9 MPH) Runner from 2nd tags up, SAFE at 3rd, no throw by RF
|
Batting: RHB Edgar Trejo
|
0-0: Called Strike 0-1: Called Strike 0-2: Ball 1-2: Foul Ball, location: 2F 1-2: Foul Ball, location: 2F 1-2: Foul Ball, location: 2F 1-2: Ball 2-2: Foul Ball, location: 2F 2-2: Ball Wild Pitch! Sean Mounts scores 3-2: Foul Ball, location: 2F 3-2: Fly out, F5 (Popup, 56, EV 68.1 MPH)
|
Bottom of the 1st over - 2 runs, 2 hits, 0 errors, 0 left on base; Princeton 0 - Greeneville 2 |
TOP OF THE 2ND |
Princeton Rays batting - Pitching for Greeneville Astros : LHP Ruben Rojas
|
Batting: RHB Wil Urban
|
0-0: Foul Ball, location: 2F 0-1: Foul Ball, location: 2F 0-2: Strikes out swinging
|
Batting: SHB Wayne Hattan
|
0-0: Called Strike 0-1: Ball 1-1: Ball 2-1: Foul Ball, location: 2F 2-2: Strikes out swinging
|
Batting: RHB James Huddleston
|
0-0: Ground out 5-3 (Groundball, 56, EV 78.8 MPH)
|
Top of the 2nd over - 0 runs, 0 hits, 0 errors, 0 left on base; Princeton 0 - Greeneville 2 |
BOTTOM OF THE 2ND |
Greeneville Astros batting - Pitching for Princeton Rays : RHP Ruben Requena
|
Batting: RHB Workneh Lagat
|
0-0: Foul Ball, location: 2F 0-1: Ball 1-1: Swinging Strike 1-2: Foul Ball, location: 2F 1-2: Strikes out swinging
|
Batting: LHB Jackson Trottier
|
0-0: Called Strike 0-1: Swinging Strike 0-2: Ball 1-2: Ball 2-2: Ball 3-2: Strikes out swinging
|
Batting: RHB Gabe Allen
|
0-0: Called Strike 0-1: Ball 1-1: Ball 2-1: Foul Ball, location: 2F 2-2: Strikes out looking
|
Bottom of the 2nd over - 0 runs, 0 hits, 0 errors, 0 left on base; Princeton 0 - Greeneville 2 |
TOP OF THE 3RD |
Princeton Rays batting - Pitching for Greeneville Astros : LHP Ruben Rojas
|
Batting: RHB Chris Thorson
|
0-0: Ball 1-0: Ball 2-0: Ball 3-0: Called Strike 3-1: Foul Ball, location: 2F 3-2: Strikes out swinging
|
Batting: SHB Lou Kroneman
|
0-0: Ball 1-0: Called Strike 1-1: DOUBLE (Line Drive, 89D, EV 110.0 MPH)
|
Batting: RHB Kunizo Yanagisawa
|
0-0: Called Strike 0-1: Ball 1-1: SINGLE (Groundball, 6MD, EV 106.9 MPH) (infield hit) Lou Kroneman to third
|
Batting: SHB Chris Lockart
|
0-0: Called Strike 0-1: Ball 1-1: Foul Ball, location: 2F 1-2: Ball 2-2: Fielders Choice at 2nd, 4-6 (Groundball, P, EV 92.5 MPH) Lou Kroneman scores
|
Batting: RHB Dan Marks
|
0-0: Called Strike 0-1: Ball 1-1: Foul Ball, location: 2F 1-2: Ground out 4-3 (Groundball, 4, EV 76.9 MPH)
|
Top of the 3rd over - 1 run, 2 hits, 0 errors, 1 left on base; Princeton 1 - Greeneville 2 |
BOTTOM OF THE 3RD |
Greeneville Astros batting - Pitching for Princeton Rays : RHP Ruben Requena
|
Batting: RHB Guo-ning Chen
|
0-0: Ball 1-0: Called Strike 1-1: Foul Ball, location: 2F 1-2: SINGLE (Groundball, 56D, EV 98.1 MPH)
|
Batting: LHB Lou Toth
|
0-0: Called Strike 0-1: Ball 1-1: Ball 2-1: Called Strike 2-2: Ball 3-2: Base on Balls Guo-ning Chen to second
|
Batting: RHB Sean Mounts
|
0-0: Called Strike 0-1: Ball 1-1: Ball 2-1: Ball 3-1: SINGLE (Groundball, 5D, EV 101.9 MPH) Guo-ning Chen to third Lou Toth to second
|
Batting: LHB Josh Birkner
|
0-0: Foul Ball, location: 2F 0-1: Ball 1-1: Called Strike 1-2: Strikes out looking
|
Batting: SHB Danny Jensen
|
0-0: Foul Ball, location: 2F 0-1: Called Strike 0-2: Ball 1-2: Foul Ball, location: 2F 1-2: Fielders Choice at 2nd, 3-6 (Groundball, 34S, EV 90.6 MPH) Guo-ning Chen scores Lou Toth to third
|
Batting: RHB Edgar Trejo
|
0-0: Swinging Strike 0-1: Swinging Strike 0-2: Strikes out looking
|
Bottom of the 3rd over - 1 run, 2 hits, 0 errors, 2 left on base; Princeton 1 - Greeneville 3 |
TOP OF THE 4TH |
Princeton Rays batting - Pitching for Greeneville Astros : LHP Ruben Rojas
|
Batting: LHB Rocky Crowley
|
0-0: Ball 1-0: Ball 2-0: Ball 3-0: Base on Balls
|
Batting: RHB Wil Urban
|
0-0: Ball 1-0: Ball 2-0: Called Strike 2-1: Ball 3-1: Called Strike 3-2: Foul Ball, location: 2F 3-2: Base on Balls Rocky Crowley to second
|
Batting: SHB Wayne Hattan
|
0-0: Foul Ball, location: 2F 0-1: Fly out, F5 (Popup, 15, EV 76.3 MPH)
|
Batting: RHB James Huddleston
|
0-0: Called Strike 0-1: Ball 1-1: Ball 2-1: Ball 3-1: Foul Ball, location: 2F 3-2: Base on Balls Rocky Crowley to third Wil Urban to second
|
Batting: RHB Chris Thorson
|
0-0: Foul Ball, location: 2F 0-1: Ball 1-1: Called Strike 1-2: Ball 2-2: Ball 3-2: Strikes out swinging
|
Pitching: RHP Mike Koch
|
|
Batting: SHB Lou Kroneman
|
0-0: Ball 1-0: Ball Wild Pitch! Rocky Crowley scores Wil Urban to third James Huddleston to second 2-0: Ball 3-0: Called Strike 3-1: Called Strike 3-2: SINGLE (Line Drive, 8RS, EV 107.5 MPH) Wil Urban scores James Huddleston to third Runner from 3rd tries for Home, SAFE, throw by RF to home
|
Batting: RHB Kunizo Yanagisawa
|
0-0: SINGLE (Flyball, 89S, EV 95.6 MPH) Lou Kroneman to second Runner from 2nd tries for 3rd, SAFE, throw by RF made to third
|
Batting: SHB Chris Lockart
|
0-0: Called Strike 0-1: Ball 1-1: Ball 2-1: Ground out 6-3 (Groundball, 6M, EV 81.3 MPH)
|
Top of the 4th over - 3 runs, 2 hits, 0 errors, 2 left on base; Princeton 4 - Greeneville 3 |
BOTTOM OF THE 4TH |
Greeneville Astros batting - Pitching for Princeton Rays : RHP Ruben Requena
|
Batting: RHB Workneh Lagat
|
0-0: Ball 1-0: Swinging Strike 1-1: Foul Ball, location: 2F 1-2: Ball 2-2: Ground out 4-3 (Groundball, 4, EV 89.4 MPH)
|
Batting: LHB Jackson Trottier
|
0-0: Ground out 6-3 (Groundball, 6, EV 108.1 MPH)
|
Batting: RHB Gabe Allen
|
0-0: Foul Ball, location: 2F 0-1: Foul Ball, location: 2F 0-2: Ball 1-2: Fly out, F7 (Flyball, 7S, EV 83.8 MPH)
|
Bottom of the 4th over - 0 runs, 0 hits, 0 errors, 0 left on base; Princeton 4 - Greeneville 3 |
TOP OF THE 5TH |
Princeton Rays batting - Pitching for Greeneville Astros : RHP Mike Koch
|
Batting: RHB Dan Marks
|
0-0: Foul Ball, location: 2F 0-1: Ball 1-1: Foul Ball, location: 2F 1-2: Ball 2-2: Ball 3-2: Base on Balls
|
Batting: LHB Rocky Crowley
|
0-0: Ball Dan Marks is caught stealing 2nd base 2-6 1-0: SOLO HOME RUN (Flyball, 9D, EV 96.9 MPH), Distance : 344 ft
|
Batting: RHB Wil Urban
|
0-0: Called Strike 0-1: Fly out, F8 (Flyball, 78D, EV 92.5 MPH)
|
Batting: SHB Wayne Hattan
|
0-0: Ball 1-0: Foul Ball, location: 2F 1-1: Foul Ball, location: 2F 1-2: Foul Ball, location: 2F 1-2: Foul Ball, location: 2F 1-2: SINGLE (Line Drive, 9S, EV 91.9 MPH)
|
Batting: RHB James Huddleston
|
0-0: Ball Wayne Hattan steals 2nd base 1-0: Ball 2-0: Foul Ball, location: 2F 2-1: Ball 3-1: Ground out 5-3 (Groundball, 5S, EV 89.4 MPH)
|
Top of the 5th over - 1 run, 2 hits, 0 errors, 1 left on base; Princeton 5 - Greeneville 3 |
BOTTOM OF THE 5TH |
Greeneville Astros batting - Pitching for Princeton Rays : RHP Ruben Requena
|
Batting: RHB Guo-ning Chen
|
0-0: Reached on error, E5 (Groundball, 56, EV 91.9 MPH)
|
Batting: LHB Lou Toth
|
0-0: Ball 1-0: Ball 2-0: Called Strike 2-1: Ball 3-1: Base on Balls
|
Batting: RHB Sean Mounts
|
0-0: Ball 1-0: Fielders Choice at 2nd, 6-4 (Groundball, 6MS, EV 79.4 MPH) Guo-ning Chen to third
|
Batting: LHB Josh Birkner
|
0-0: Fly out, F2 (Popup, 23F, EV 86.3 MPH)
|
Batting: SHB Danny Jensen
|
0-0: Ball 1-0: Swinging Strike 1-1: Ball 2-1: Reached on error, E6 (Groundball, 6, EV 105.0 MPH) Guo-ning Chen scores Sean Mounts to second
|
Batting: RHB Edgar Trejo
|
0-0: Ball 1-0: Ball 2-0: Ball 3-0: Base on Balls Sean Mounts to third Danny Jensen to second
|
Batting: RHB Workneh Lagat
|
0-0: Called Strike 0-1: Ball 1-1: Ball 2-1: Swinging Strike 2-2: Ground out 5-3 (Groundball, 56S, EV 82.5 MPH)
|
Bottom of the 5th over - 1 run, 0 hits, 2 errors, 3 left on base; Princeton 5 - Greeneville 4 |
TOP OF THE 6TH |
Princeton Rays batting - Pitching for Greeneville Astros : RHP Mike Koch
|
Batting: RHB Chris Thorson
|
0-0: Ball 1-0: Called Strike 1-1: SOLO HOME RUN (Flyball, 7LD, EV 92.5 MPH), Distance : 343 ft
|
Batting: SHB Lou Kroneman
|
0-0: Ball 1-0: Foul Ball, location: 2F 1-1: Ball 2-1: Ball 3-1: Base on Balls
|
Batting: RHB Kunizo Yanagisawa
|
0-0: Swinging Strike 0-1: 2-RUN HOME RUN (Flyball, 7LD, EV 95.0 MPH), Distance : 358 ft
|
Batting: SHB Chris Lockart
|
0-0: Ball 1-0: Ground out 6-3 (Groundball, 6M, EV 110.6 MPH)
|
Batting: RHB Dan Marks
|
0-0: Called Strike 0-1: Foul Ball, location: 2F 0-2: Ball 1-2: Ground out 6-3 (Groundball, 6, EV 82.5 MPH)
|
Batting: LHB Rocky Crowley
|
0-0: Ball 1-0: Swinging Strike 1-1: Swinging Strike 1-2: SOLO HOME RUN (Flyball, 9D, EV 96.9 MPH), Distance : 352 ft
|
Batting: RHB Wil Urban
|
0-0: Ball 1-0: Ball 2-0: Ball 3-0: Called Strike 3-1: Foul Ball, location: 2F 3-2: Foul Ball, location: 2F 3-2: Base on Balls
|
Batting: SHB Wayne Hattan
|
0-0: Ball 1-0: Ball Wil Urban steals 2nd base 2-0: Ball 3-0: Base on Balls
|
Pitching: RHP Ray Fernandez
|
|
Batting: RHB James Huddleston
|
0-0: Ball 1-0: Ground out U3 (Groundball, 3S, EV 86.3 MPH)
|
Top of the 6th over - 4 runs, 3 hits, 0 errors, 2 left on base; Princeton 9 - Greeneville 4 |
BOTTOM OF THE 6TH |
Greeneville Astros batting - Pitching for Princeton Rays : RHP Ruben Requena
|
Batting: LHB Jackson Trottier
|
0-0: Swinging Strike 0-1: Ball 1-1: Ball 2-1: Ball 3-1: Foul Ball, location: 2F 3-2: Strikes out looking
|
Batting: RHB Gabe Allen
|
0-0: Swinging Strike 0-1: Called Strike 0-2: Foul Ball, location: 2F 0-2: Ball 1-2: Foul Ball, location: 2F 1-2: Fly out, F8 (Flyball, 8LM, EV 91.9 MPH)
|
Batting: RHB Guo-ning Chen
|
0-0: Foul Ball, location: 2F 0-1: Foul Ball, location: 2F 0-2: Strikes out swinging
|
Bottom of the 6th over - 0 runs, 0 hits, 0 errors, 0 left on base; Princeton 9 - Greeneville 4 |
TOP OF THE 7TH |
Princeton Rays batting - Pitching for Greeneville Astros : RHP Ray Fernandez
|
Batting: RHB Chris Thorson
|
0-0: Ball 1-0: Ball 2-0: Ball 3-0: Base on Balls
|
Batting: SHB Lou Kroneman
|
0-0: Foul Ball, location: 2F 0-1: Called Strike Chris Thorson steals 2nd, throwing error, E2 Chris Thorson to third 0-2: SINGLE (Line Drive, 9S, EV 106.9 MPH) Chris Thorson scores
|
Batting: RHB Kunizo Yanagisawa
|
0-0: Foul Ball, location: 2F 0-1: Foul Ball, location: 2F 0-2: Foul Ball, location: 2F 0-2: DOUBLE (Flyball, 9LD, EV 106.3 MPH) Lou Kroneman to third
|
Batting: SHB Chris Lockart
|
0-0: Called Strike 0-1: Ball Wild Pitch! Lou Kroneman scores Kunizo Yanagisawa to third 1-1: Ball 2-1: Fly out, F9 (Flyball, 89M, EV 91.3 MPH) Runner from 3rd tags up, SCORES, throw by RF
|
Batting: RHB Dan Marks
|
0-0: Ground out 5-3 (Groundball, 56, EV 82.5 MPH)
|
Batting: LHB Rocky Crowley
|
0-0: Ball 1-0: Ball 2-0: Ball 3-0: Base on Balls
|
Batting: RHB Wil Urban
|
0-0: 2-RUN HOME RUN (Flyball, 7D, EV 96.9 MPH), Distance : 378 ft
|
Pitching: RHP Ryan Salas
|
|
Batting: SHB Wayne Hattan
|
0-0: Ball 1-0: SINGLE (Line Drive, 6MD, EV 105.6 MPH)
|
Batting: RHB James Huddleston
|
0-0: Foul Ball, location: 2F 0-1: Ball 1-1: Fielders Choice at 2nd, 6-4 (Groundball, 6, EV 86.3 MPH)
|
Top of the 7th over - 5 runs, 4 hits, 1 error, 1 left on base; Princeton 14 - Greeneville 4 |
BOTTOM OF THE 7TH |
Greeneville Astros batting - Pitching for Princeton Rays : RHP Ruben Requena
|
Pitching: RHP Federico Jimenez
|
|
Batting: LHB Lou Toth
|
0-0: Called Strike 0-1: Ball 1-1: SINGLE (Groundball, 6M, EV 108.8 MPH) (infield hit)
|
Batting: RHB Sean Mounts
|
0-0: Swinging Strike 0-1: Called Strike Lou Toth steals 2nd base 0-2: Strikes out swinging
|
Batting: LHB Josh Birkner
|
0-0: Foul Ball, location: 2F 0-1: Swinging Strike 0-2: Strikes out looking
|
Batting: SHB Danny Jensen
|
0-0: Ball 1-0: Ground out 4-3 (Groundball, 34, EV 82.5 MPH)
|
Bottom of the 7th over - 0 runs, 1 hit, 0 errors, 1 left on base; Princeton 14 - Greeneville 4 |
TOP OF THE 8TH |
Princeton Rays batting - Pitching for Greeneville Astros : RHP Ryan Salas
|
Batting: RHB Chris Thorson
|
0-0: Ball 1-0: Ball 2-0: Ball 3-0: Base on Balls
|
Batting: SHB Lou Kroneman
|
|
Pinch Hitting: RHB Jim Erdody
|
0-0: SINGLE (Groundball, 4MD, EV 94.4 MPH) Chris Thorson to second
|
Batting: RHB Kunizo Yanagisawa
|
0-0: Called Strike Balk! Chris Thorson to third Jim Erdody to second 0-1: Ball 1-1: Ball 2-1: SINGLE (Flyball, 4MD, EV 96.3 MPH) Chris Thorson scores Jim Erdody to third
|
Pinch Hitting: SHB Berthold Frey
|
0-0: Ball 1-0: Ball 2-0: Ball 3-0: Called Strike 3-1: Base on Balls Kunizo Yanagisawa to second
|
Batting: RHB Dan Marks
|
0-0: Foul Ball, location: 2F 0-1: Ball 1-1: Ball 2-1: Ball 3-1: Foul Ball, location: 2F 3-2: SINGLE (Flyball, 78S, EV 94.4 MPH) Jim Erdody scores Kunizo Yanagisawa to third Berthold Frey to second
|
Pitching: RHP James Browning
|
|
Batting: LHB Rocky Crowley
|
0-0: Ball 1-0: Ball 2-0: Ball 3-0: Called Strike 3-1: Foul Ball, location: 2F 3-2: Foul Ball, location: 2F 3-2: Base on Balls Kunizo Yanagisawa scores Berthold Frey to third Dan Marks to second
|
Batting: RHB Wil Urban
|
0-0: Ball 1-0: Ball 2-0: Fly out, F6 (Popup, 6D, EV 55.0 MPH)
|
Batting: SHB Wayne Hattan
|
0-0: Ball 1-0: Ball 2-0: Ball 3-0: Base on Balls Berthold Frey scores Dan Marks to third Rocky Crowley to second
|
Batting: RHB James Huddleston
|
0-0: Called Strike 0-1: Ball 1-1: Fielders Choice at 2nd, 4-6 (Groundball, 34, EV 106.3 MPH) Dan Marks scores Rocky Crowley to third
|
Batting: RHB Chris Thorson
|
0-0: Ball 1-0: Fly out, F8 (Flyball, 78XD, EV 93.1 MPH)
|
Top of the 8th over - 5 runs, 3 hits, 0 errors, 2 left on base; Princeton 19 - Greeneville 4 |
BOTTOM OF THE 8TH |
Greeneville Astros batting - Pitching for Princeton Rays : RHP Federico Jimenez
|
Now at SS: Jim Erdody
|
|
Now in RF: Berthold Frey
|
|
Batting: RHB Edgar Trejo
|
0-0: Called Strike 0-1: Called Strike 0-2: Ball 1-2: Ground out 4-3 (Groundball, 4, EV 106.3 MPH)
|
Batting: RHB Workneh Lagat
|
0-0: SINGLE (Line Drive, 6MD, EV 97.5 MPH)
|
Batting: LHB Jackson Trottier
|
0-0: Ball 1-0: Ball 2-0: Fly out, F7 (Line Drive, 7, EV 96.9 MPH)
|
Batting: RHB Gabe Allen
|
0-0: Fly out, F8 (Flyball, 89D, EV 103.1 MPH)
|
Bottom of the 8th over - 0 runs, 1 hit, 0 errors, 1 left on base; Princeton 19 - Greeneville 4 |
TOP OF THE 9TH |
Princeton Rays batting - Pitching for Greeneville Astros : RHP James Browning
|
Pinch Hitting: RHB Jim Lind
|
0-0: DOUBLE (Groundball, 5L, EV 103.1 MPH)
|
Batting: RHB Kunizo Yanagisawa
|
0-0: Ball 1-0: Ball 2-0: Foul Ball, location: 2F 2-1: Called Strike 2-2: Foul Ball, location: 2F 2-2: Ball 3-2: Base on Balls
|
Pitching: RHP Greg Otto
|
|
Batting: SHB Berthold Frey
|
0-0: Fly out, F3 (Line Drive, 3, EV 65.0 MPH) Lined into DP, 3-6 (Line Drive, 3, EV 69.4 MPH)
|
Batting: RHB Dan Marks
|
0-0: Ball 1-0: Called Strike 1-1: Ground out 3-1 (Groundball, 34, EV 83.8 MPH)
|
Top of the 9th over - 0 runs, 1 hit, 0 errors, 1 left on base; Princeton 19 - Greeneville 4 |
BOTTOM OF THE 9TH |
Greeneville Astros batting - Pitching for Princeton Rays : RHP Federico Jimenez
|
Now at SS: Jim Lind
|
|
Batting: RHB Guo-ning Chen
|
0-0: Ground out 5-3 (Groundball, 56S, EV 67.5 MPH)
|
Batting: LHB Lou Toth
|
0-0: Foul Ball, location: 2F 0-1: Foul Ball, location: 2F 0-2: Ball 1-2: Foul Ball, location: 2F 1-2: Foul Ball, location: 2F 1-2: Ball 2-2: Ball 3-2: SINGLE (Groundball, 4M, EV 106.3 MPH) (infield hit)
|
Batting: RHB Sean Mounts
|
0-0: Ball 1-0: Ball 2-0: Ball 3-0: Base on Balls Lou Toth to second
|
Batting: LHB Josh Birkner
|
0-0: Called Strike 0-1: Ball 1-1: SINGLE (Groundball, 4MD, EV 108.1 MPH) Lou Toth to third Sean Mounts to second
|
Batting: SHB Danny Jensen
|
0-0: Ball 1-0: Called Strike 1-1: Ball 2-1: Swinging Strike 2-2: Strikes out swinging
|
Pitching: LHP Parker Martinet
|
|
Batting: RHB Edgar Trejo
|
0-0: Called Strike 0-1: Ball 1-1: Swinging Strike 1-2: Strikes out swinging
|
Bottom of the 9th over - 0 runs, 2 hits, 0 errors, 3 left on base; Princeton 19 - Greeneville 4 |
|